AoeStats
← JakeElPerro

Pilgrims

510042062Analyzed
4v4 RM · 3d ago on Sep 29, 2026· 25m 58s· 8 players
Game mode
Random Map
Map size
Large (8 player)
Population
200
Speed
Normal
Resources
Standard
Victory
Conquest
Starting age
Dark Age
Ending age
Imperial Age
RankedLock teamsTeams togetherTeam positionsShared explorationLock speedFull tech treeHidden civsTurbo modeCheats
Victory
Defeat
🇯🇵 Japanese · Japan
709
+16
🇮🇳 Huns · India
656
+18
🇲🇽 Huns · Mexico
654
+18
🇲🇽 Khmer · Mexico
625
+20
🇷🇴 Franks · Romania
729
-19
🇲🇽 Britons · Mexico
716
-18
🇲🇽 Persians · Mexico
700
-18
🇨🇿 Teutons · Czechia
676
-17
zibo4074
6:37 Loom
15:29 Feudal Age
17:16 Fishing Lines
18:44 Double-Bit Axe
alexdoctorofsoul
12:11 Feudal Age
14:06 Fishing Lines
17:37 Gold Mining
17:38 Stone Mining
17:37 Double-Bit Axe
28:18 Castle Age
arhogamer
5:37 Loom
17:56 Feudal Age
19:21 Wheelbarrow
JakeElPerro
6:35 Loom
14:08 Feudal Age
15:28 Wheelbarrow
14:53 Man-at-Arms
QC FENIX
5:56 Loom
14:01 Feudal Age
18:37 Wheelbarrow
25:49 Castle Age
24:02 Gold Mining
24:03 Stone Mining
Karma KoS
4:35 Loom
11:09 Feudal Age
15:17 Bloodlines
25:39 Castle Age
RuinMireia
5:24 Loom
14:10 Feudal Age
17:47 Castle Age
16:06 Fishing Lines
16:53 Double-Bit Axe
16:51 Horse Collar
19:02 Fletching
21:46 Scale Mail Armor
21:57 Forging
23:49 Gillnets
24:38 Gold Mining
24:51 Heavy Plow
25:02 Bow Saw
betalbaadshah
4:01 Loom
12:57 Feudal Age
14:13 Double-Bit Axe
14:11 Horse Collar
14:24 Gold Mining
14:24 Stone Mining
14:22 Fishing Lines
15:23 Wheelbarrow
15:31 Town Watch
18:35 Scale Barding Armor
20:38 Castle Age
22:19 Chain Barding Armor
22:22 Hand Cart
22:24 Bow Saw
22:18 Heavy Plow
22:42 Town Patrol
24:23 Gillnets
26:32 Gold Shaft Mining
26:16 Marauders
26:31 Caravan
Connection lost

Rejoining the realm…

Still unreachable

The connection could not be restored.

Session expired

The server has moved on; the page needs a fresh start.